 Dungeon Crawl Stone Soup version 0.28.0 (webtiles) character file.

Game seed: 5190260944517634182

44 HallandMoats the Skirmisher (level 3, 0/33 HPs)
             Began as a Ghoul Monk on Feb 12, 2022.
             Was a Priest of Vehumet.
             Slain by an adder (2 damage)
             ... on level 3 of the Dungeon.
             The game lasted 00:01:48 (1763 turns).

HallandMoats the Skirmisher (Ghoul Monk)            Turns: 1763, Time: 00:01:48

Health: 0/33       AC:  7    Str: 16    XL:     3   Next: 60%
Magic:  2/2        EV: 10    Int:  5    God:    Vehumet [***...]
Gold:   13         SH:  0    Dex: 11    Spells: 2/2 levels left

rFire   . . .      SeeInvis .     - Unarmed
rCold   + . .      Faith    .   (no shield)
rNeg    + + +      Spirit   .   b - +0 scale mail
rPois   ∞          Reflect  .   (no helmet)
rElec   .          Harm     .   (no cloak)
rCorr   .          Rampage  .   (no gloves)
Will    .....                   f - +0 pair of boots
Stlth   ..........              (no amulet)
HPRegen 0.00/turn               (no ring)
MPRegen 0.08/turn               (no ring)

@: inhibited regen
A: claws 1, cold resistance 1, negative energy resistance 3, inhibited
regeneration, torment resistance 2
a: Renounce Religion


You were on level 3 of the Dungeon.
You worshipped Vehumet.
Vehumet was most pleased with you.
You visited 1 branch of the dungeon, and saw 3 of its levels.

You collected 13 gold pieces.

Inventory:

Armour
 b - a +0 scale mail (worn)
 f - a +0 pair of boots (worn)
Wands
 j - a wand of paralysis (9)
 k - a wand of flame (14)
Scrolls
 e - a scroll of fog {unknown}
 g - a scroll of immolation {unknown}
 i - a scroll of torment {unknown}
Potions
 a - a potion of curing {unknown}
 c - a potion of might {unknown}
 d - a potion of flight {unknown}
 h - a potion of degeneration {unknown}


   Skills:
 * Level 3.8 Fighting
 + Level 0.5 Armour
 + Level 2.9 Dodging
 - Level 2.1 Stealth
 * Level 3.8 Unarmed Combat
 + Level 1.0 Invocations


You had 2 spell levels left.
You didn't know any spells.
Your spell library was empty.

Dungeon Overview and Level Annotations

Branches:
Dungeon (3/15)

Altars:
Vehumet


Innate Abilities, Weirdness & Mutations

You thrive by killing the living.
You are immune to poison.
You have sharp fingernails.
Your flesh is cold resistant. (rC+)
You are immune to negative energy. (rN+++)
You do not regenerate when monsters are visible.
You are immune to unholy pain and torment.


Message History

The bat barely misses you. The orc hits you but does no damage.
The bat hits you but does no damage. The bat hits you but does no damage.
The bat closely misses you. The bat barely misses you.
The bat barely misses you. The bat hits you but does no damage.
The bat hits you but does no damage. The bat misses you. x2
You closely miss the bat. The bat hits you but does no damage.
The bat closely misses you.
You miss the bat. Your claw misses the bat.
The bat hits you but does no damage.
A gnoll comes into view. It is wielding a +0 flail.
The gnoll shouts!
You claw the bat!
You kill the bat!
Vehumet accepts your kill.
A gnoll comes into view. It is wielding a +0 whip.
The gnoll shouts!
An orc comes into view. It is wielding a +0 dagger of venom.
The orc shouts!
The iguana hisses menacingly.
Found 12 gold pieces.
Found an escape hatch in the ceiling.
Found 13 sling bullets.
The orc hits you but does no damage.
An adder comes into view.
The adder hisses angrily.
The adder barely misses you. The adder bites you but does no damage.
The adder bites you but does no damage.
You scratch the adder.
The adder is heavily wounded.
The adder barely misses you.
You miss the adder.
The adder is heavily wounded.
The adder bites you but does no damage.
You scratch the adder.
The adder is almost dead.
The adder bites you.
You die...

##........##
...........#
...........#
#..........##
#...........#
............#
##........#.###
##............####
#..........#lgoS@#
#..........g.go###
...........#####
(.......<..#
.....$.....#
##........##
##......##
########


You could see an iguana, 3 gnolls, an adder and 2 orcs.

Vanquished Creatures
  An adder (D:2)
  A ball python (D:2)
  5 endoplasms
  2 giant cockroaches
  2 goblins (D:2)
  5 hobgoblins
  A kobold (D:1)
  6 bats
  A frilled lizard (D:1)
  5 rats
29 creatures vanquished.

Notes
Turn   | Place    | Note
-------+----------+-------------------------------------------
     0 | D:1      | HallandMoats the Ghoul Monk began the quest for the Orb.
     0 | D:1      | Reached XP level 1. HP: 19/19 MP: 0/0
   546 | D:1      | Reached XP level 2. HP: 23/26 MP: 1/1
   913 | D:2      | Found a faded altar of an unknown god.
   918 | D:2      | Reached XP level 3. HP: 33/33 MP: 2/2
   956 | D:2      | Prayed at the altar of an unknown god.
   956 | D:2      | Became a worshipper of Vehumet
   956 | D:2      | Reached * piety under Vehumet
   956 | D:2      | Offered knowledge of Freeze by Vehumet.
   956 | D:2      | Reached ** piety under Vehumet
  1415 | D:2      | Offered knowledge of Magic Dart by Vehumet.
  1552 | D:2      | Reached skill level 1 in Invocations
  1613 | D:2      | Offered knowledge of Mephitic Cloud by Vehumet.
  1646 | D:2      | Reached *** piety under Vehumet
  1763 | D:3      | Slain by an adder

Illustrated notes

Levels and vault maps discovered:
D:1:      lemuel_arrival_lava_pool, layout_basic
D:2:      layout_basic, chequers_ecumenical_altar_simple_redux
D:3:      layout_rooms, minmay_checkerbox, uniq_jessica, uniq_terence

Skill      XL: |  1  2  3 |
---------------+----------+-----
Invocations    | 1 |  1.0
Fighting       | |  3.8
Armour         | |  0.5
Dodging        | |  2.9
Stealth        | |  2.1
Unarmed Combat | |  3.8

Action                   || total
-------------------------++-------
Melee: Unarmed           ||    87
       Punch             ||     5
Armor: Scale mail        ||    50
Dodge: Dodged            ||    54
